 Dungeon Crawl Stone Soup version 0.24-a0-201-gf205589 (webtiles) character file.

Game seed: 3654513138443158777

217 Borgoz the Covered (level 6, 0/42 HPs)
             Began as a Halfling Fighter on Mar 24, 2019.
             Slain by a river rat (7 damage)
             ... in a sewer.
             The game lasted 00:04:03 (2826 turns).

Borgoz the Covered (Halfling Fighter)               Turns: 2826, Time: 00:04:03

Health: 0/42       AC: 11    Str: 22    XL:     6   Next: 16%
Magic:  6/6        EV:  4    Int:  8    God:
Gold:   102        SH: 10    Dex: 14    Spells: 5/5 levels left

rFire    . . .     SeeInvis .   a - +0 dagger (freeze)
rCold    . . .     Gourm    .   c - +0 shield
rNeg     . . .     Faith    .   g - +0 plate armour
rPois    .         Spirit   .   (no helmet)
rElec    .         Reflect  .   (no cloak)
rCorr    .         Harm     .   (no gloves)
MR       .....                  (no boots)
Stlth    ..........             (no amulet)
HPRegen  0.14/turn              (no ring)
MPRegen  0.10/turn              (no ring)

@: mighty, constricted, very slow
A: small, mutation resistance 1
a: no special abilities


You were in a sewer.
You were near starving.

You visited 1 branch of the dungeon, and saw 3 of its levels.
You also visited: Sewer.

You collected 102 gold pieces.

Inventory:

Hand Weapons
 a - a +0 dagger of freezing (weapon)
 b - a +0 blowgun
 v - a +0 rapier
Missiles
 p - 20 poisoned needles
Armour
 c - a +0 shield (worn)
 g - a +0 plate armour (worn)
 o - a +0 ring mail
Scrolls
 e - a scroll of blinking {unknown}
 h - a scroll of fog {unknown}
 i - a scroll of identify {unknown}
 j - 2 scrolls of fear {unknown}
 l - 2 scrolls of teleportation {unknown}
 r - a scroll of remove curse {unknown}
Potions
 d - a potion of might
 k - 3 potions of brilliance {unknown}
 m - 2 potions of lignification
 n - a potion of agility {unknown}
 q - a potion of flight {unknown}
 s - a potion of haste {unknown}
 t - a potion of mutation {unknown}
 w - a potion of curing {unknown}
Comestibles
 f - 7 rations


   Skills:
 + Level 3.1 Fighting
 * Level 3.9 Short Blades
 * Level 4.3 Armour
 * Level 2.6 Dodging
 + Level 1.8 Stealth
 + Level 3.9 Shields


You had 5 spell levels left.
You didn't know any spells.
Your spell library was empty.

Dungeon Overview and Level Annotations

Branches:
Dungeon (3/15)

Altars:
The Shining One

Annotations:
D:3 1 runed translucent door


Innate Abilities, Weirdness & Mutations

You are small and have problems with some larger weapons.
You are somewhat resistant to further mutation.


Message History

The ball python bites you but does no damage.
The ball python constricts you. You block the river rat's attack.
You block the ball python's attack.
The rat splashes around in the water.
You block the rat's attack.
You hit the ball python.
The ball python seems to slow down.
You freeze the ball python.
The ball python is severely wounded.
You block the ball python's attack.
* * * LOW HITPOINT WARNING * * *
The ball python constricts you.
The rat twitches its whiskers.
The river rat bites you but does no damage.
You block the river rat's attack. The rat bites you but does no damage.
The ball python barely misses you.
You closely miss the ball python.
The ball python is severely wounded.
You block the rat's attack.
The ball python bites you but does no damage.
The ball python constricts you. The river rat bites you!
You die...

##.÷...≈≈≈≈≈
####.....≈≈≈≈≈..##
#∩###.....≈≈≈≈....
#.###.....≈≈≈≈....
#..#......≈≈≈≈....
##........≈≈≈≈....
##.......rr≈≈....
##.....rSr≈≈....
##....≈r@rr≈....
#.....≈≈S≈≈≈≈..#
##.....≈≈≈≈≈≈≈.##
#..#...≈≈≈≈≈≈≈.#
#.###..≈≈≈≈≈≈≈...
#∩###..≈≈≈≈≈≈≈...
####...≈≈≈≈≈≈≈...
##...≈≈≈≈≈≈#...
#....≈≈≈≈≈≈##.


You could see 2 river rats, 2 ball pythons and 5 rats.

Vanquished Creatures
  A big kobold (Sewer)
  4 river rats (Sewer)
  3 adders (D:3)
  2 oozes
  2 dart slugs (D:1)
  6 leopard geckos
  4 ball pythons
  5 giant cockroaches
  6 goblins
  6 hobgoblins
  8 kobolds
  A quokka (D:2)
  8 bats
  2 frilled lizards
  9 rats
67 creatures vanquished.

Notes
Turn   | Place    | Note
-------+----------+-------------------------------------------
     0 | D:1      | Borgoz the Halfling Fighter began the quest for the Orb.
     0 | D:1      | Reached XP level 1. HP: 15/15 MP: 1/1
    67 | D:1      | Found a glowing golden altar of the Shining One.
    80 | D:1      | Reached XP level 2. HP: 17/20 MP: 2/2
   191 | D:1      | Reached skill level 1 in Dodging
   324 | D:1      | Reached XP level 3. HP: 25/25 MP: 3/3
   841 | D:2      | Reached skill level 1 in Stealth
  1153 | D:2      | Reached XP level 4. HP: 30/30 MP: 4/4
  1716 | D:3      | Found a runed translucent door.
  1863 | D:3      | Found a glowing drain.
  1891 | D:3      | Reached XP level 5. HP: 33/36 MP: 5/5
  1920 | Sewer    | Entered a sewer
  1937 | Sewer    | Reached skill level 4 in Armour
  2470 | Sewer    | Noticed a big kobold
  2507 | Sewer    | Killed a big kobold
  2507 | Sewer    | Reached XP level 6. HP: 15/42 MP: 6/6
  2826 | Sewer    | Slain by a river rat

Levels and vault maps discovered:
D:1:      minmay_arrival_cross, layout_loops_ring, tso_metal_star
D:2:      layout_basic, serial_rivers, chequers_serial_rivers_micro_e,
          chequers_serial_rivers_micro_b, chequers_serial_rivers_small_b,
          chequers_serial_rivers_micro_d, chequers_serial_rivers_small_a
D:3:      layout_loops_ring, first_ration, portal_sewer_entry_f,
          ebering_ghost_reflecting_pool, uniq_natasha, uniq_terence
Sewer:    sewer_minmay_treatment

Skill      XL: |  1  2  3  4  5 |
---------------+----------------+-----
Dodging        | 1 2 |  2.6
Short Blades   | 3 |  3.9
Stealth        | 1 |  1.8
Fighting       | 3 |  3.1
Armour         | 4 |  4.3
Shields        | |  3.9

Action                   |  1- 3 |  4- 6 || total
-------------------------+-------+-------++-------
Melee: Rapier            |   140 |    98 ||   238
       Dagger            |       |   101 ||   101
  Use: Potion            |       |     4 ||     4
  Eat: Chunk             |       |     5 ||     5
Armor: Scale mail        |     3 |       ||     3
       Plate armour      |    83 |   165 ||   248
       Skin              |       |     8 ||     8
Dodge: Dodged            |    36 |    74 ||   110
Block: Shield            |    80 |   162 ||   242

Table legend:
 A = Non-vault XP
 B = Vault XP
 C = Vault XP percentage of total XP
 D = Non-vault monster count
 E = Vault monster count
 F = Vault count percentage of total count
                 A         B        C        D         E       F
            +---------+---------+-------+---------+---------+-------
      Total |     128 |     182 |  58.7 |      45 |      22 |  32.8
            +---------+---------+-------+---------+---------+-------
        D:1 |      47 |       0 |   0.0 |      23 |       0 |   0.0
        D:2 |      23 |       0 |   0.0 |      13 |       0 |   0.0
        D:3 |      58 |      16 |  21.6 |       9 |       6 |  40.0
      Sewer |       0 |     166 | 100.0 |       0 |      16 | 100.0
            +---------+---------+-------+---------+---------+-------
